 Dungeon Crawl Stone Soup version 0.27-a0-67-g4bfc8a49e1 (webtiles) character file.

Game seed: 9489180987574223166

2692 tatocazan the Covert (level 9, -1/55 HPs)
             Began as an Octopode Brigand on Jan 10, 2021.
             Was an Initiate of Wu Jian.
             Slain by an orc warrior
             ... wielding a +0 scimitar
              (7 damage)
             ... on level 7 of the Dungeon.
             The game lasted 00:09:05 (7429 turns).

tatocazan the Covert (Octopode Brigand)             Turns: 7429, Time: 00:09:06

Health: -1/55      AC:  3    Str: 11    XL:     9   Next: 65%
Magic:  9/9        EV: 17    Int: 13    God:    Wu Jian [......]
Gold:   482        SH:  5    Dex: 16    Spells: 8/8 levels left

rFire    . . .     SeeInvis .   a - +3 dagger
rCold    . . .     Faith    .   (no shield)
rNeg     . . .     Spirit   .   (helmet restricted)
rPois    .         Reflect  +   o - amulet of reflection
rElec    .         Harm     .   F - ring of willpower
rCorr    .         Rampage  .   (no ring)
Will     +....                  (no ring)
Stlth    ++++++....             (no ring)
HPRegen  0.18/turn              (no ring)
MPRegen  0.11/turn              (no ring)
                                (no ring)
                                (no ring)

@: no status effects
A: almost no armour, stealthy swim, amphibious, 8 rings, constrict 8, icy blue
scales 1, camouflage 1, blink, frail 1, gelatinous body 1
a: Blink, Renounce Religion


You were on level 7 of the Dungeon.
You worshipped Wu Jian.
Wu Jian was noncommittal.
You visited 2 branches of the dungeon, and saw 8 of its levels.
You also visited: Ossuary.

You collected 482 gold pieces.

Inventory:

Hand Weapons
 a - a +3 dagger (weapon)
 s - a +2 whip of electrocution
Missiles
 b - 43 poisoned darts (quivered)
 c - 2 curare-tipped darts
Jewellery
 i - an uncursed amulet of guardian spirit {unknown}
 o - an amulet of reflection (around mantle)
 F - a ring of willpower (left tentacle)
Wands
 v - a wand of paralysis (10)
 G - a wand of acid (4)
Scrolls
 d - 8 scrolls of remove curse
 e - a scroll of amnesia
 f - 6 scrolls of identify
 h - a scroll of enchant weapon
 l - a scroll of fog {unknown}
 p - a scroll of blinking
 r - 4 scrolls of immolation {unknown}
 t - 5 scrolls of noise {unknown}
 x - 6 scrolls of random uselessness {unknown}
 y - a scroll of torment {unknown}
 B - a scroll of fear {unknown}
 D - 4 scrolls of teleportation
Potions
 g - 4 potions of ambrosia
 j - a potion of resistance {unknown}
 k - 3 potions of flight {unknown}
 m - 2 potions of magic {unknown}
 n - a potion of berserk rage {unknown}
 q - 4 potions of degeneration {unknown}
 u - 2 potions of curing {unknown}
 w - a potion of experience {unknown}
 z - 2 potions of might
 A - 2 potions of heal wounds {unknown}
 C - a potion of cancellation {unknown}
 E - a potion of haste {unknown}


   Skills:
 + Level 6.0 Fighting
 + Level 6.1 Short Blades
 - Level 2.0 Throwing
 + Level 5.7 Dodging
 * Level 12.4 Stealth


You had 8 spell levels left.
You didn't know any spells.
Your spell library contained the following spells:

 Spells                   Type           Power        Failure   Level
 Confusing Touch          Hex            0%           67%         3
 Gell's Gravitas          Tloc           0%           67%         3
 Petrify                  Tmut/Erth      0%           97%         4
 Metabolic Englaciation   Hex/Ice        0%           100%        5
 Yara's Violent Unravell  Hex/Tmut       0%           100%        5


Dungeon Overview and Level Annotations

Branches:
Dungeon (7/15)             Temple (1/1) D:6         Ossuary (visited)

Altars:
Ashenzari
Cheibriados
Dithmenos
Elyvilon
Fedhas
Gozag
Hepliaklqana
Kikubaaqudgha
Makhleb
Okawaru
Qazlal
Ru
Sif Muna
Trog
Uskayaw
Vehumet
Wu Jian
Xom
Zin
The Shining One

Annotations:
D:3 3 runed translucent doors, Woodmanan's ghost, amateur NaTm


Innate Abilities, Weirdness & Mutations

You cannot wear most types of armour.
You are very stealthy in the water. (Stealth+)
You are amphibious.
You can wear up to eight rings at the same time.
You can use your tentacles to constrict eight enemies at once.
Your skin changes colour to match your surroundings (Stealth+).
Your rubbery body absorbs attacks. (AC +1, EV +1)
You are partially covered in icy blue scales. (AC +2)
You can translocate small distances at will.
You are frail. (-10% HP)


Message History

The Council accepts your kill.
Reactivating autopickup.
You feel a bit more experienced.
You constrict the orc warrior, but do no damage.
You block the orc's attack.
You hit the orc warrior but do no damage.
The orc warrior is moderately wounded.
You constrict the orc warrior.
The orc warrior hits you with a +0 scimitar!!
* * * LOW HITPOINT WARNING * * *
The orc hits you but does no damage.
You take 19 damage, and have 6/55 hp.
MASSIVE DAMAGE!!
You hit the orc warrior but do no damage.
The orc warrior is moderately wounded.
You constrict the orc warrior.
You hit the orc warrior but do no damage.
The orc warrior is heavily wounded.
You constrict the orc warrior.
The orc warrior hits you with a +0 scimitar!
You die...

####.##...<#
###......)...##
#.............# ###
#.............#### ##...
..........###..#.##...$.
#.........#.............
...#....................
.#.##.....##......$.....
.#..#.....#..#..@o......
...<...#..##[##.o)......
.##....##....##..#......
.###...##........##.....
.)...#####)..#.#.. .....
..#..### ...####... [...
...#...####..##..... ...
#####..####...#.#### ...
### ##>..........#


You could see an orc warrior and an orc.

Vanquished Creatures
  Pikel (D:4)
  A deep elf mage (D:7)
  Sigmund (D:6)
  Eustachio (D:4)
  Edmund (D:6)
  Duvessa (D:6)
  An ice beast (D:5)
  4 ogres
  A centaur (D:5)
  A lemure (D:4)
  2 bullfrogs
  Dowan (D:6)
  A scorpion (D:6)
  A centaur zombie (D:7)
  3 hounds
  An orc priest (D:6)
  A bullfrog skeleton (D:5)
  A human zombie (Ossuary)
  3 orc wizards
  A worker ant (D:4)
  A big kobold zombie (Ossuary)
  A hound skeleton (D:4)
  2 mummies (Ossuary)
  8 adders
  4 gnolls (D:6)
  3 shadow imps
  A white imp (D:5)
  An ufetubus (D:6)
  An adder skeleton (D:4)
  3 worms
  A dart slug (D:4)
  2 leopard geckos
  7 orcs
  7 giant cockroaches
  2 gnoll zombies (Ossuary)
  6 goblins
  8 hobgoblins
  8 jackals
  10 kobolds
  5 quokkas
  3 ball pythons
  8 bats
  2 frilled lizards (D:2)
  A giant cockroach zombie (D:5)
  2 hobgoblin zombies (Ossuary)
  A jackal skeleton (D:4)
  A kobold zombie (Ossuary)
  An orc zombie (Ossuary)
  A quokka zombie (D:5)
  10 rats
139 creatures vanquished.

Notes
Turn   | Place    | Note
-------+----------+-------------------------------------------
     0 | D:1      | tatocazan the Octopode Brigand began the quest for the Orb.
     0 | D:1      | Reached XP level 1. HP: 14/14 MP: 1/1
   364 | D:1      | Reached XP level 2. HP: 19/19 MP: 2/2
   827 | D:2      | Reached XP level 3. HP: 24/24 MP: 3/3
   843 | D:2      | Reached skill level 6 in Stealth
  1473 | D:2      | Reached XP level 4. HP: 30/30 MP: 4/4
  1887 | D:2      | Found a faded altar of an unknown god.
  2117 | D:2      | Gained mutation: You are frail. (-10% HP) [potion of
                  | mutation]
  2117 | D:2      | Gained mutation: You are partially covered in icy blue
                  | scales. (AC +2) [potion of mutation]
  2117 | D:2      | Gained mutation: You can translocate small distances at
                  | will. [potion of mutation]
  2159 | D:3      | Noticed a bullfrog
  2161 | D:3      | Killed a bullfrog
  2162 | D:3      | Reached skill level 7 in Stealth
  2162 | D:3      | Reached XP level 5. HP: 32/32 MP: 5/5
  2219 | D:3      | Found a runed translucent gate.
  2219 | D:3      | Found a runed translucent gate.
  2219 | D:3      | Found a runed translucent gate.
  2219 | D:3      | Noticed Woodmanan's ghost (amateur NaTm)
  2283 | D:3      | Found a broken altar of Ashenzari.
  2928 | D:4      | Reached XP level 6. HP: 35/37 MP: 6/6
  2972 | D:4      | Noticed Pikel
  3027 | D:4      | Killed Pikel
  3028 | D:4      | Reached skill level 9 in Stealth
  3028 | D:4      | Reached XP level 7. HP: 25/43 MP: 7/7
  3483 | D:4      | Found a stormy altar of Qazlal.
  3811 | D:4      | Found an opulent altar of Gozag.
  4081 | D:4      | Noticed Eustachio
  4091 | D:4      | Killed Eustachio
  4092 | D:4      | Reached XP level 8. HP: 36/48 MP: 8/8
  4251 | D:5      | Entered Level 5 of the Dungeon
  4391 | D:5      | Reached skill level 10 in Stealth
  4458 | D:5      | Found a sand-covered staircase.
  4463 | Ossuary  | Entered an ossuary
  5192 | D:5      | Reached skill level 5 in Short Blades
  5499 | D:5      | Found a glowing golden altar of the Shining One.
  5849 | D:6      | Noticed Edmund
  5855 | D:6      | Reached skill level 5 in Fighting
  5886 | D:6      | Found a radiant altar of Vehumet.
  5892 | D:6      | Found a glowing golden altar of the Shining One.
  5893 | D:6      | Killed Edmund
  5904 | D:6      | Noticed Sigmund
  5911 | D:6      | Killed Sigmund
  5912 | D:6      | Reached skill level 11 in Stealth
  5912 | D:6      | Reached XP level 9. HP: 54/54 MP: 9/9
  5936 | D:6      | Reached skill level 5 in Dodging
  6014 | D:6      | Found a hide-covered altar of Uskayaw.
  6377 | D:6      | Noticed Duvessa
  6377 | D:6      | Noticed Dowan
  6388 | D:6      | Killed Duvessa
  6394 | D:6      | Killed Dowan
  6974 | D:6      | Found a staircase to the Ecumenical Temple.
  7039 | Temple   | Entered the Ecumenical Temple
  7151 | Temple   | Became a worshipper of the Wu Jian Council
  7292 | D:6      | Found a glowing silver altar of Zin.
  7317 | D:7      | Noticed a deep elf mage
  7327 | D:7      | Killed a deep elf mage
  7328 | D:7      | Reached skill level 12 in Stealth
  7429 | D:7      | Slain by an orc warrior

Illustrated notes

Levels and vault maps discovered:
D:1:      dpeg_arrival_pond, layout_loops_corners
D:2:      layout_loops_ring, chequers_ecumenical_altar_lobes
D:3:      layout_basic, lemuel_doored_altar, ebering_ghost_rock_garden
D:4:      layout_loops_ring, nicolae_qazlal_general_emergency,
          general_overflow_altar, uniq_eustachio, uniq_pikel
D:5:      layout_loops_ring, lemuel_coloured_pillars_altar, enter_ossuary_5
D:6:      layout_basic, old_standard_altar, lemuel_crystal_altar,
          zin_scriptorium, minmay_temple_entry_grid, basic_altar, uniq_sigmund,
          uniq_edmund, uniq_duvessa
D:7:      layout_cave_pools, grunt_ogre_cave, uniq_prince_ribbit1, uniq_joseph
Temple:   dshaligram_water_room_temple

Skill      XL: |  1  2  3  4  5  6  7  8  9 |
---------------+----------------------------+-----
Stealth        | 6 7 9 11 12 | 12.4
Dodging        | 2 3 4 5 |  5.7
Fighting       | 3 4 5 6 |  6.0
Short Blades   | 3 4 5 6 |  6.1
Throwing       | |  2.0

Action                   |  1- 3 |  4- 6 |  7- 9 || total
-------------------------+-------+-------+-------++-------
Melee: Dagger            |    67 |    95 |   174 ||   336
       Constrict         |    13 |    25 |    29 ||    67
       Tentacles         |     6 |    20 |    41 ||    67
Throw: Dart              |       |     7 |     7 ||    14
Invok: Lunge             |       |       |     2 ||     2
  Use: Scroll            |       |     5 |     3 ||     8
       Potion            |       |     1 |     1 ||     2
 Stab: Sleeping          |    14 |    15 |    23 ||    52
       Distracted        |       |     1 |     1 ||     2
Armor: Skin              |    10 |     5 |     7 ||    22
Dodge: Dodged            |    43 |    43 |    71 ||   157
Block: Other             |       |    10 |    30 ||    40
       Reflection        |       |       |     1 ||     1

Table legend: (Time is in decaauts)
 A = Elapsed time spent in this place.
 B = Non-inter-level travel time spent in this place.
 C = Inter-level travel time spent in this place.
 D = Time resting spent in this place.
 E = Time spent auto-exploring this place.
 F = Levels seen in this place.
 G = Mean time per level.
                   A        B        C        D        E       F      G
               +--------+--------+--------+--------+--------+-----+--------+
         Total |   7359 |   7160 |    199 |   1900 |   4237 |   9 |  817.7 |
       Dungeon |   6782 |   6602 |    180 |   1640 |   4075 |   7 |  968.9 |
        Temple |    132 |    113 |     19 |      0 |     68 |   1 |  132.0 |
       Ossuary |    444 |    444 |      0 |    260 |     94 |   1 |  444.0 |
               +--------+--------+--------+--------+--------+-----+--------+

Top non-repeatable levels by time:
     D:4: 1354 daAuts
     D:2: 1321 daAuts
     D:6: 1306 daAuts
     D:5: 1141 daAuts
     D:1: 809 daAuts
     D:3: 736 daAuts
 Ossuary: 444 daAuts
  Temple: 132 daAuts
     D:7: 112 daAuts
